Unix NetHack Version 5.0.0-0 post-release - last build Jun 10 2026 00:39:30 (3ee93aec679c4c4259841fe613dc97188e26a321,branch:main).

Game began 2026-06-14 00:28:11, ended 2026-06-14 00:33:37.

IanCurtis, chaotic male elven Wizard

             -----------
             |.........|
             |.....%...|
         ####...%.......#
   ^    ##   |.........|#
 --|--  #    |.........|#
 |.`..@B##   -----------#
 |.>^|  #              ###
 |..(.                  #
 -----                  #
                        #
                        #   #
                        #---.--
                        #|....|
                        #|.....
                        #|....|
                        #|.<..|
                        #.....|
                         ------

IanCurtis the Conjurer    St:13 Dx:12 Co:14 In:18 Wi:10 Ch:9  Chaotic
Dlvl:3  $:50 HP:0(20) Pw:23(35) AC:8  Xp:3 T:1527 

Latest messages:
 You kill the acid blob!
 You are beginning to feel hungry.
 You kill the gecko!
 Welcome to experience level 3.
 You see here a food ration.
 y - a food ration.
 In what direction? k
 The spell hits the yellow mold!
 You kill the yellow mold!
 In what direction? h
 The spell hits the yellow mold!
 You kill the yellow mold!
 You see here 16 gold pieces.
 $ - 16 gold pieces (47 in total).
 What do you want to eat? [pyA or ?*] ?
 This food really hits the spot!
 You finish eating the food ration.
 In what direction? j
 The spell hits the floating eye!
 You kill the floating eye!
 Something is written here in the dust.
 You read: " d acra ium".
 You find a bear trap.
 You find a hidden door.
 You feel strong!
 You must have been exercising diligently.
 The door resists!
 You see here 3 gold pieces.
 $ - 3 gold pieces (50 in total).
 Something is written here in the dust.
 You read: "d a?r? iu?".
 The door resists!
 The door opens.
 You find a hidden passage.
 You find a teleportation trap.
 Something is written here in the dust.
 You read: "| ??r?  ?".
 Please move the cursor to a monster, object or location.
 (For instructions type a '?')
 In what direction? j
 You kick a leash.
 The giant bat bites!
 You miss the giant bat.
 The giant bat bites!
 The giant bat bites!
 You hit the giant bat!
 The giant bat bites!
 The giant bat bites!
 You die...
 Do you want your possessions identified? [ynq] (y) q

Inventory:
 Coins    ('$')
  $ - 50 gold pieces
 Weapons  (')')
  a - a blessed +1 quarterstaff (weapon in hands)
 Armor    ('[')
  v - an uncursed rustproof +0 orcish helm (being worn)
  b - an uncursed +0 cloak of magic resistance (being worn)
 Comestibles  ('%')
  A - an uncursed lembas wafer
  p - 2 uncursed tripe rations
 Scrolls  ('?')
  j - an uncursed scroll of genocide
  i - 2 uncursed scrolls of teleportation
 Spellbooks  ('+')
  l - an uncursed spellbook of chain lightning
  t - a blessed spellbook of force bolt
 Potions  ('!')
  q - an uncursed potion of extra healing
  g - an uncursed potion of gain energy
  h - a blessed potion of object detection
  r - an uncursed potion of paralysis
  f - an uncursed potion of see invisible
 Rings    ('=')
  d - an uncursed ring of free action
  e - an uncursed ring of searching
 Wands    ('/')
  c - a wand of cancellation (0:7)
  B - a wand of digging (0:8)
  w - a wand of probing (0:7)
 Tools    ('(')
  o - an uncursed tooled horn
  n - an uncursed blindfold
  k - an uncursed lock pick
  m - a magic marker (0:19)
  z - a cursed magic marker (0:41)

IanCurtis the Wizard's attributes:

Background:
 You were a Conjurer, a level 3 male elven Wizard.
 You were chaotic, on a mission for Anhur
 who was opposed by Ptah (lawful) and Thoth (neutral).
 You were right-handed.
 You were in the Dungeons of Doom, on level 3.
 You entered the dungeon 1527 turns ago.
 It was the midnight hour.
 There was a new moon in effect when your adventure ended.
 You had 54 experience points, 26 more were needed to attain level 4.

Basics:
 You had 0 out of 20 hit points.
 You had 23 out of 35 energy points (spell power).
 Your armor class was 8.
 Your wallet contained 50 zorkmids.
 Autopickup was off.

Final Characteristics:
 Your strength was 13 (limit:18).
 Your dexterity was 12 (limit:18).
 Your constitution was 14 (limit:16).
 Your intelligence was 18 (limit:20).
 Your wisdom was 10 (limit:20).
 Your charisma was 9 (limit:18).

Final Status:
 You weren't hungry.
 You were unencumbered.
 You were wielding a quarterstaff.
 You had basic skill with quarterstaff.

Final Attributes:
 You were devoutly aligned.
 You were magic-protected.
 You had infravision.
 You were warded.
 You are dead.

Miscellaneous:
 You didn't encounter any bones levels.
 Total elapsed playing time was 5 minutes and 24 seconds.

Major events:
 Turn
    1: IanCurtis the chaotic male elven Wizard entered the dungeon
 1426: attained the rank of Conjurer (level 3)
 1527: killed by a giant bat

Spells:
 Name                 Level Category     Fail Retention
 force bolt             1   attack         0%  91%-100%
 chain lightning        2   attack         0%  91%-100%

Skills:
 Fighting Skills
   bare handed combat [Unskilled]
   riding             [Unskilled]
 Weapon Skills
   dagger             [Unskilled]
   knife              [Unskilled]
   axe                [Unskilled]
   short sword        [Unskilled]
   club               [Unskilled]
   mace               [Unskilled]
   quarterstaff       [Basic]
   polearms           [Unskilled]
   spear              [Unskilled]
   trident            [Unskilled]
   sling              [Unskilled]
   dart               [Unskilled]
   shuriken           [Unskilled]
 Spellcasting Skills
   attack spells      [Basic]
   healing spells     [Unskilled]
   divination spells  [Unskilled]
   enchantment spells [Basic]
   clerical spells    [Unskilled]
   escape spells      [Unskilled]
   matter spells      [Unskilled]

Voluntary challenges:
 Character rerolling was not enabled.
 You were illiterate.
 You never genocided any monsters.
 You never polymorphed an object.
 You never changed form.
 You used no wishes.
Achievement:
 You attained the rank of Conjurer.

 The Dungeons of Doom: levels 1 to 3
    Level 1:
    Level 2:
       An altar.
    Level 3: "vault" <- You were here.
       Final resting place for
          you, killed by a giant bat.


Vanquished creatures:
  a floating eye
 an acid blob
  a hobbit
  2 yellow molds
  2 geckos
  a jackal
  a fox
  a goblin
  2 sewer rats
  4 grid bugs
  3 lichens
  a kobold zombie
  2 newts
22 creatures vanquished.

No species were genocided or became extinct.

Game over:
                       ----------
                      /          \
                     /    REST    \
                    /      IN      \
                   /     PEACE      \
                  /                  \
                  |    IanCurtis     |
                  |      50 Au       |
                  |   killed by a    |
                  |    giant bat     |
                  |                  |
                  |                  |
                  |       2026       |
                 *|     *  *  *      | *
        _________)/\\_//(\/(/\)/\//\/|_)_______

Goodbye IanCurtis the Wizard...

You died in The Dungeons of Doom on dungeon level 3 with 361 points,
and 50 pieces of gold, after 1527 moves.
You were level 3 with a maximum of 20 hit points when you died.

